 Dungeon Crawl Stone Soup version 0.32-a0-433-g08bcfe7efd (webtiles) character file.

Game seed: 3734086329863207156

4382 ezpacito the Trooper (level 10, -2/71 (76) HPs)
             Began as a Demonspawn Chaos Knight on Feb 22, 2024.
             Was a Plaything of Xom.
             Slain by a sun demon (15 damage)
             ... summoned by a kobold demonologist
             ... on level 9 of the Dungeon.
             The game lasted 00:16:57 (9486 turns).

ezpacito the Trooper (Demonspawn Chaos Knight)      Turns: 9486, Time: 00:17:00

HP:   -2/71 (76)    AC: 13    Str: 21    XL:     10   Next: 13%
MP:   0/14          EV: 12    Int: 12    God:    Xom [*.....]
Gold: 555           SH:  0    Dex: 15    Spells: 2/15 levels left

rFire   . . .        a - +0 hand axe (chaos)
rCold   + . .        (no shield)
rNeg    . . .        D - +1 scale mail {rC+}
rPois   .            G - +2 hat
rElec   .            e - +2 cloak
rCorr   .            (no gloves)
SInv    .            (boots unavailable)
Will    +....        v - amulet of guardian spirit Stlth
                     b - +6 ring of strength
HPRegen 0.00/turn    y - ring of flight
MPRegen 0.14/turn

%: clarity, guardian spirit
@: confused, silenced, ambrosia-drunk, spiked, cleaving, flying, inhibited
regen, drained
A: claws 2, hooves 3, clarity, strong-willed 1, inhibited regeneration,
evolution 1
a: Renounce Religion


You were on level 9 of the Dungeon.
You worshipped Xom.
You were a special plaything of Xom.
You visited 1 branch of the dungeon, and saw 9 of its levels.

You collected 555 gold pieces.

Inventory:

Hand Weapons
 a - a +0 hand axe of chaos (weapon)
 I - a +4 war axe
Missiles
 h - 7 boomerangs (quivered)
 j - 14 poisoned darts
 q - 3 javelins
 w - 3 throwing nets
 x - a curare-tipped dart
Armour
 e - a +2 cloak (worn)
 f - a +2 pair of boots
 s - an orb of mayhem
 D - a +1 scale mail of cold resistance (worn)
 G - a +2 hat (worn)
Jewellery
 b - a +6 ring of strength (left claw)
 o - a ring of wizardry
 v - an amulet of guardian spirit (around neck)
 y - a ring of flight (right claw)
 A - a ring of resist corrosion
 L - a ring of see invisible
Talismans
 i - a serpent talisman
Wands
 C - a wand of mindburst (13)
 F - a wand of flame (2)
 H - a wand of digging (3)
Scrolls
 c - a scroll of butterflies
 d - 2 scrolls of revelation
 g - 2 scrolls of immolation
 k - a scroll of brand weapon {unknown}
 n - 7 scrolls of teleportation
 p - a scroll of silence
 r - 4 scrolls of fog
 t - 2 scrolls of noise
 u - 2 scrolls of enchant weapon {unknown}
 E - a scroll of vulnerability {unknown}
 M - a scroll of identify
Potions
 l - a potion of enlightenment
 m - a potion of attraction
 z - 2 potions of mutation
 J - 2 potions of brilliance
 K - a potion of lignification


   Skills:
 * Level 5.9 Fighting
 * Level 5.5 Axes
 + Level 2.5 Throwing
 * Level 4.8 Armour
 * Level 4.5 Dodging
 + Level 2.8 Stealth
 * Level 4.1 Unarmed Combat
 * Level 3.3 Spellcasting
 * Level 2.9 Conjurations
 * Level 2.4 Necromancy
 + Level 0.6 Translocations
 + Level 2.0 Air Magic
 + Level 2.1 Earth Magic
 * Level 2.9 Alchemy
 * Level 2.6 Evocations
 + Level 1.2 Shapeshifting


You had 2 spell levels left.
You knew the following spells:

 Your Spells              Type           Power      Damage    Failure   Level
a - Mephitic Cloud        Conj/Alch/Air  8%         N/A       54%         3
b - Lee's Rapid Deconstr  Erth           3%         3d5*      100%        5
c - Searing Ray           Conj           18%        2d5       28%         2
d - Necrotise             Necr           28%        1d5       24%         1
e - Momentum Strike       Conj/Tloc      12%        3d8       41%         2

Your spell library contained the following spells:

 Spells                   Type           Power      Damage    Failure   Level
 Mercury Vapours          Alch/Air       14%        N/A       34%         2
 Blink                    Tloc           6%         N/A       58%         2
 Lesser Beckoning         Tloc           6%         N/A       58%         2
 Stone Arrow              Conj/Erth      16%        3d8       54%         3
 Vampiric Draining        Necr           7%         2d6       56%         3
 Leda's Liquefaction      Alch/Erth      4%         N/A       91%         4
 Animate Dead             Necr           7%         N/A       93%         4
 Martyr's Knell           Necr/Summ      4%         N/A       98%         4
 Animate Armour           Summ/Erth      8%         N/A       99%         4
 Borgnjor's Vile Clutch   Necr/Erth      3%         N/A       100%        5
 Curse of Agony           Necr           7%         N/A       100%        5
 Freezing Cloud           Conj/Ice/Air   2%         6-21      100%        5
 Bombard                  Conj/Erth      4%         9d2       100%        6
 Death Channel            Necr           3%         N/A       100%        6
 Lehudib's Crystal Spear  Conj/Erth      4%         10d3      100%        8
 Chain Lightning          Conj/Air       3%         3d4       100%        9


Dungeon Overview and Level Annotations

Branches:
Dungeon (9/15)             Temple (0/1) D:7
   Lair: D:8-11         Orc: D:9-12

Altars:
Ashenzari
Cheibriados
Dithmenos
Gozag
Nemelex Xobeh
Okawaru
Ru
Trog
Wu Jian
Xom
Yredelemnul
Lugonu

Portals:
Abyss: D:6

Annotations:
D:3 3 runed translucent doors, Sobieck's ghost, amateur CoBr; Splishie's ghost, weakling GnWn; cforsyth's ghost, amateur DjFE; knightboat's ghost, amateur AtBr
D:9 1 runed translucent door, Loading's ghost, novice FoFi


Innate Abilities, Weirdness & Mutations

You have very sharp fingernails.
You have hooves in place of feet.
You possess an exceptional clarity of mind.
You are strong-willed. (Will+)
You do not regenerate when monsters are visible.
You have hidden genetic potential.


Message History

The sun demon hits you!!
A shower of butterflies erupts from you!
You are engulfed in flames.
You resist.
The red devil hits you from afar with a +0 trident!
* * * LOW HITPOINT WARNING * * *
Barbed spikes become lodged in your body.
The white imp gestures at you. The puff of frost hits you. You resist.
* * * LOW HITPOINT WARNING * * *
The crimson imp blinks!
Okay, then.
Okay, then.
Magic scrolls do not work when you're silenced!
You are confused.
You feel invigorated.
The kobold demonologist completely misses you.
The sun demon completely misses you. The white imp misses you.
The red devil hits you from afar with a +0 trident!
* * * LOW HITPOINT WARNING * * *
Barbed spikes become lodged in your body.
You are more confused.
You feel more invigorated.
The kobold demonologist hits you but does no damage.
The sun demon hits you.
* * * LOW HITPOINT WARNING * * *
You are engulfed in flames.
You resist.
* * * LOW HITPOINT WARNING * * *
The red devil hits you from afar with a +0 trident.
* * * LOW HITPOINT WARNING * * *
Barbed spikes become lodged in your body.
The white imp hits you but does no damage.
It was a potion of mutation.
You feel extremely strange.
You feel more energetic.
You no longer feel heat resistant.
You feel strong-willed.
You feel a hidden potential growing inside you. "Go forth and cause havoc, mortal!"
Your +0 hand axe of chaos looks sharp (like it always does).
The sun demon hits you!!
You die...
Xom guffaws!

#..
............#
#..
............#
#..
..5....b....#
#..
............##
##..
.............##
###...
......4.......#
##<....
.....b5K3..#
#......
#....b@..[#
#......
####..b...#
#......
#......#
##.....
##.....# ###...
#....## #...
##...# #..#
#...# ##..#
##..# #...# #
#..# #....


You could see a sun demon (summoned, ally target), a kobold demonologist, a red
devil (summoned), a crimson imp (summoned) and a white imp (summoned,
unsilenced).

Vanquished Creatures
  6 yaks (D:8)
  3 water moccasins
  Duvessa (D:4)
  An ice beast (D:6)
  5 sky beasts
  A black bear (D:4)
  An ogre (D:5)
  A centaur (D:5)
  2 kobold brigands
  A bullfrog (D:8)
  2 gnoll sergeants
  A scorpion (D:6)
  8 wights (D:8)
  Dowan (D:4)
  10 killer bees
  2 howler monkeys
  4 bombardier beetles
  4 orc priests
  Crazy Yiuf (D:4)
  5 hounds
  A gnoll bouda (D:5)
  A jelly (D:5)
  A sleepcap (D:7)
  An iguana (D:6)
  7 orc wizards
  13 gnolls
  4 adders
  2 shadow imps (D:6)
  2 white imps (D:6)
  3 dart slugs
  A ribbon worm (D:4)
  17 orcs
  10 bats
  14 endoplasms
  9 giant cockroaches
  6 goblins
  2 hobgoblins
  6 jackals
  10 kobolds
  2 quokkas
  6 ball pythons
  A frilled lizard (D:5)
  5 rats
  A lurking horror (D:6)
185 creatures vanquished.

Vanquished Creatures (others)
  3 gnolls (D:5)
  A lurking horror (D:6)
4 creatures vanquished.

Grand Total: 189 creatures vanquished

Notes
Turn   | Place    | Note
-------+----------+-------------------------------------------
     0 | D:1      | ezpacito the Demonspawn Chaos Knight began the quest for
                  | the Orb.
     0 | D:1      | Reached XP level 1. HP: 18/18 MP: 1/1
     1 | D:1      | Found a runed translucent door.
    11 | D:1      | Reached skill level 1 in Dodging
    16 | D:1      | Discovered your monstrous ancestry.
    16 | D:1      | Gained mutation: You have sharp fingernails. [demonic
                  | ancestry]
    16 | D:1      | Reached XP level 2. HP: 22/24 MP: 2/2
   171 | D:1      | Reached XP level 3. HP: 29/29 MP: 3/3
   383 | D:1      | XOM: silly message
  1046 | D:2      | XOM: silly message
  1421 | D:2      | XOM: cloud trail
  1583 | D:2      | XOM: summons 1 hostile shadow creature
  1749 | D:3      | Found a runed translucent gate.
  1750 | D:3      | Found a runed translucent gate.
  1751 | D:3      | Found a runed translucent gate.
  1752 | D:3      | Noticed cforsyth's ghost (amateur DjFE)
  1752 | D:3      | Noticed Splishie's ghost (weakling GnWn)
  1752 | D:3      | Noticed knightboat's ghost (amateur AtBr)
  1752 | D:3      | Noticed Sobieck's ghost (amateur CoBr)
  1941 | D:3      | Gained mutation: You have very sharp fingernails. [demonic
                  | ancestry]
  1941 | D:3      | Reached XP level 4. HP: 29/35 MP: 4/4
  1991 | D:3      | Reached skill level 1 in Unarmed Combat
  2132 | D:3      | Reached XP level 5. HP: 39/42 MP: 5/5
  2241 | D:3      | XOM: silly message
  2638 | D:3      | XOM: give mutations
  2638 | D:3      | Gained mutation: You are partially covered in iridescent
                  | scales. (AC +2) [Xom's mischief]
  2638 | D:3      | Gained mutation: You are mostly covered in iridescent
                  | scales. (AC +4) [Xom's mischief]
  2638 | D:3      | Lost mutation: You are mostly covered in iridescent scales.
                  | (AC +4) [Xom's mischief]
  2790 | D:4      | Noticed Dowan
  2792 | D:4      | Noticed a black bear
  2792 | D:4      | Noticed Duvessa
  2807 | D:4      | Killed a black bear
  2808 | D:4      | Reached skill level 1 in Spellcasting
  2808 | D:4      | Reached XP level 6. HP: 48/48 MP: 7/7
  2812 | D:4      | Killed Duvessa
  2813 | D:4      | Reached skill level 1 in Throwing
  2813 | D:4      | Reached skill level 1 in Stealth
  2814 | D:4      | Killed Dowan
  3184 | D:4      | Reached XP level 7. HP: 55/55 MP: 8/8
  3495 | D:4      | XOM: 3-stop teleportation journey
  3567 | D:4      | Found a runed translucent door.
  3568 | D:4      | Noticed Crazy Yiuf
  3573 | D:4      | Killed Crazy Yiuf
  3625 | D:5      | Entered Level 5 of the Dungeon
  3659 | D:5      | XOM: blink monster(s)
  3680 | D:5      | XOM: noise
  3709 | D:5      | Learned a level 3 spell: Mephitic Cloud
  3715 | D:5      | Learned a level 5 spell: Lee's Rapid Deconstruction
  3852 | D:5      | Found a snail-covered altar of Cheibriados.
  3893 | D:5      | Found a sacrificial altar of Ru.
  4008 | D:5      | XOM: confusion (+ monsters)
  4038 | D:5      | XOM: fog
  4056 | D:5      | Gained mutation: You have large cloven feet. [demonic
                  | ancestry]
  4056 | D:5      | Reached XP level 8. HP: 35/61 MP: 2/10
  4063 | D:5      | Reached skill level 1 in Air Magic
  4601 | D:6      | Noticed an angel
  4660 | D:6      | Got Ereshkigal's Annotations on Lofty Energy
  4668 | D:6      | Learned a level 2 spell: Searing Ray
  4676 | D:6      | Reached skill level 1 in Conjurations
  4738 | D:6      | XOM: smoke on damage
  4801 | D:6      | XOM: scenery: 1 doors close
  4860 | D:6      | Reached skill level 5 in Fighting
  4944 | D:6      | XOM: fog
  4950 | D:6      | Reached skill level 1 in Earth Magic
  4950 | D:6      | Reached skill level 1 in Alchemy
  5234 | D:6      | XOM: cleaving
  5245 | D:6      | Reached skill level 1 in Evocations
  5318 | D:6      | Found a one-way gate to the infinite horrors of the Abyss.
  5319 | D:6      | Found a corrupted altar of Lugonu.
  5656 | D:6      | XOM: stat loss: -1 Str (20/21)
  5931 | D:7      | Found an ornate altar of the Wu Jian Council.
  5968 | D:7      | XOM: enchant monster (bad)
  5980 | D:7      | XOM: blink monster(s)
  6116 | D:7      | XOM: scenery: summon butterflies
  6324 | D:7      | Found a staircase to the Ecumenical Temple.
  6371 | D:7      | Learned a level 1 spell: Necrotise
  6385 | D:7      | XOM: 5-stop teleportation journey
  6392 | D:7      | XOM: scenery: create altars
  6395 | D:7      | XOM: polymorph iguana -> bombardier beetle
  6396 | D:7      | Gained mutation: You have hoof-like feet. [demonic
                  | ancestry]
  6396 | D:7      | Reached XP level 9. HP: 42/68 MP: 10/12
  6404 | D:7      | XOM: cast spell 'Dispersal'
  6638 | D:7      | Found a sparkling altar of Nemelex Xobeh.
  6638 | D:7      | Found a bloodstained altar of Trog.
  6731 | D:7      | Found a shadowy altar of Dithmenos.
  6733 | D:7      | Found a faded altar of an unknown god.
  6735 | D:7      | Found a faded altar of an unknown god.
  6777 | D:7      | Found a basalt altar of Yredelemnul.
  6950 | D:7      | Reached skill level 1 in Necromancy
  7062 | D:8      | XOM: stealth player
  7239 | D:8      | Reached skill level 5 in Axes
  7251 | D:8      | Learned a level 2 spell: Momentum Strike
  7275 | D:8      | You are sucked into a shaft and drop 1 floor!
  7301 | D:9      | XOM: enchant monster (good)
  7632 | D:9      | XOM: god gift: 15 gold pieces
  7726 | D:9      | Noticed Loading's ghost (novice FoFi)
  7727 | D:9      | Found a runed translucent door.
  7739 | D:9      | Found a broken altar of Ashenzari.
  7749 | D:9      | Found an opulent altar of Gozag.
  7780 | D:9      | XOM: blink monster(s)
  8082 | D:8      | XOM: noise
  8090 | D:8      | XOM: enchant monster (good)
  8116 | D:8      | XOM: divination: magic mapping
  8124 | D:8      | XOM: cleaving
  8129 | D:8      | Reached skill level 1 in Shapeshifting
  8134 | D:8      | XOM: god gift: 2 potions of curing
  8310 | D:8      | Found an iron altar of Okawaru.
  8386 | D:8      | XOM: torment (41/69 hp)
  8405 | D:8      | Gained mutation: You have hooves in place of feet. [demonic
                  | ancestry]
  8405 | D:8      | Reached XP level 10. HP: 66/75 MP: 8/14
  8408 | D:8      | XOM: give mutations
  8408 | D:8      | Lost mutation: You are partially covered in iridescent
                  | scales. (AC +2) [Xom's mischief]
  8408 | D:8      | Gained mutation: You have claws for hands. [Xom's mischief]
  8408 | D:8      | Gained mutation: Your magical capacity is low. (-10% MP)
                  | [Xom's mischief]
  8408 | D:8      | Lost mutation: You have claws for hands. [Xom's mischief]
  8687 | D:8      | XOM: summons 1 hostile demon
  9233 | D:9      | XOM: give mutations
  9233 | D:9      | Gained mutation: You possess an exceptional clarity of
                  | mind. [Xom's mischief]
  9233 | D:9      | Gained mutation: You do not regenerate when monsters are
                  | visible. [Xom's mischief]
  9233 | D:9      | Gained mutation: Your flesh is heat resistant. (rF+) [Xom's
                  | mischief]
  9478 | D:9      | Noticed a sun demon
  9483 | D:9      | XOM: butterfly on damage
  9486 | D:9      | Lost mutation: Your magical capacity is low. (-10% MP)
                  | [potion of mutation]
  9486 | D:9      | Lost mutation: Your flesh is heat resistant. (rF+) [potion
                  | of mutation]
  9486 | D:9      | Gained mutation: You are strong-willed. (Will+) [potion of
                  | mutation]
  9486 | D:9      | Gained mutation: You have hidden genetic potential. [potion
                  | of mutation]
  9486 | D:9      | XOM: cleaving
  9486 | D:9      | Slain by a sun demon

Illustrated notes

Levels and vault maps discovered:
D:1:      dpeg_arrival_caged_fury, layout_loops_corners
D:2:      layout_loops_ring, minivault_4
D:3:      kennysheep_big_flooded_room, layout_loops_cross,
          gammafunk_ghost_cemetery, nicolae_concentric_dashed_squares_mild
D:4:      layout_loops_cross, minmay_fractal_squares_diagonal_5,
          uniq_crazy_yiuf_cottage, uniq_duvessa
D:5:      layout_rooms, nicolae_ru_great_annihilating_truth,
          mainiacjoe_overflow_cross_hatched, lemuel_flame_loot_1
D:6:      layout_loops_corners, zin_angel, amcnicky_altar_lugonu_corruption
D:7:      layout_rooms, nicolae_wu_jian_wuxing_cycle,
          chequers_temple_overflow_minitemple,
          mainiacjoe_overflow_surrounded_room, minmay_temple_entry_large_hall
D:8:      layout_loops_corners, okawaru_gym_becter
D:9:      layout_cave_pods, lemuel_crystal_altar, cheibrodos_ashenzari_chains,
          hellmonk_ghost_big_iron

Skill      XL: |  1  2  3  4  5  6  7  8  9 10 |
---------------+-------------------------------+-----
Dodging        | 1 2 3 4 |  4.5
Armour         | 2 3 4 |  4.8
Axes           | 3 4 5 |  5.5
Unarmed Combat | 1 2 3 4 |  4.1
Fighting       | 4 5 |  5.9
Spellcasting   | 1 2 3 |  3.3
Throwing       | 1 2 |  2.5
Stealth        | 1 2 |  2.8
Air Magic      | 1 2 |  2.0
Conjurations   | 1 2 |  2.9
Earth Magic    | 1 2 |  2.1
Alchemy        | 1 2 |  2.9
Evocations     | 1 2 |  2.6
Necromancy     | 2 |  2.4
Shapeshifting  | 1 |  1.2
Translocations | |  0.6

Action                     |  1- 3 |  4- 6 |  7- 9 | 10-12 || total
---------------------------+-------+-------+-------+-------++-------
  Melee: Hand axe          |   128 |   155 |   594 |    50 ||   927
         Kick              |       |       |       |     8 ||     8
   Cast: Searing Ray       |       |       |       |     1 ||     1
  Evoke: Wand              |       |       |       |     5 ||     5
    Use: Scroll            |     1 |       |    15 |     1 ||    17
         Potion            |       |     2 |    15 |     6 ||    23
   Stab: Paralysed         |     1 |     1 |     3 |       ||     5
         Sleeping          |     1 |     1 |       |       ||     2
         Invisible         |       |       |    14 |       ||    14
         Held in net/web   |       |       |     1 |       ||     1
         Petrified         |       |       |     9 |       ||     9
         Confused          |       |       |     3 |     2 ||     5
         Petrifying        |       |       |     2 |       ||     2
         Distracted        |       |       |     1 |       ||     1
 Armour: Leather armour    |   100 |    93 |    48 |       ||   241
         Skin              |       |    32 |    11 |    30 ||    73
         Scale mail        |       |       |   443 |    41 ||   484
  Dodge: Dodged            |    99 |   108 |   388 |    31 ||   626

Table legend: (Time is in decaauts)
 A = Elapsed time spent in this place.
 B = Non-inter-level travel time spent in this place.
 C = Inter-level travel time spent in this place.
 D = Time resting spent in this place.
 E = Time spent auto-exploring this place.
 F = Levels seen in this place.
 G = Mean time per level.
                   A        B        C        D        E       F      G
               +--------+--------+--------+--------+--------+-----+--------+
         Total |   9561 |   9056 |    505 |    417 |   6753 |   9 | 1062.3 |
       Dungeon |   9561 |   9056 |    505 |    417 |   6753 |   9 | 1062.3 |
               +--------+--------+--------+--------+--------+-----+--------+

Top non-repeatable levels by time:
     D:8: 1528 daAuts
     D:6: 1370 daAuts
     D:7: 1173 daAuts
     D:4: 1015 daAuts
     D:5: 1010 daAuts
     D:1: 1005 daAuts
     D:3: 976 daAuts
     D:9: 794 daAuts
     D:2: 687 daAuts
